[Event "10th Norway Chess 2022"]
[White "Mamedyarov,Shakhriyar"]
[Black "So,Wesley"]
[Site "Stavanger"]
[Round "5.1"]
[Annotator "TA"]
[Result "1/2-1/2"]
[Date "2022.06.05"]
[WhiteElo "2770"]
[BlackElo "2766"]
[PlyCount "93"]
[TimeControl "60"]

1. d4 Nf6 2. c4 e6 3. Nf3 d5 4. Nc3 c5 5. cxd5 cxd4 6. Qxd4 exd5 7. Bg5 Be7 8. e3 O-O {[%emt 0:0:6] D50: Queen's Gambit Declined:
Dutch-Peruvian Gambit.} 9. Be2 Nc6 10. Qd3 h6 11. Bh4 Qb6 12. O-O Rd8 ({But not} 12... Qxb2 13. Rab1 Qa3 14. Bxf6 (14. Nxd5 Nxd5 15. Qxd5 Bxh4 $11 )Bxf6 15. Nxd5 Qxd3 16. Nxf6+ (16. Bxd3 Rb8 $14 )gxf6 17. Bxd3 $14 )13. Rfd1 Qxb2 14. Rab1 Qa3 15. Bxf6 Bxf6 16. Nxd5 {[%emt 0:0:10] [#]} Qxd3 $146 ({Predecessor:} 16... Qxa2 17. Nxf6+ gxf6 18. Nd4 Be6 19. Rxb7 Rd6 20. Rd2 Qa1+ 21. Rb1 Qa5 22. Rdd1 Nxd4 23. exd4 {0-1 (40) Mamedyarov,S 
(2762)-So,W (2778) chess24.com INT 2021} )17. Nxf6+ gxf6 18. Rxd3 Bf5 19. Rxd8+ Nxd8 20. Rb2 Rc8 21. h4 Rc1+ 22. Kh2 Rb1 23. Rxb1 Bxb1 $11 {[%emt 0:0:5]
Endgame KBN-KBN} 24. a3 Kf8 25. g4 Ne6 26. Kg3 Ke7 27. Nd2 Bc2 28. f4 Nc5 29. Kf3 Nb3 (29... Na4 $11 {deserves
consideration.} )30. Nxb3 Bxb3 $14 {[%emt 0:1:29] KB-KB. The
position is equal.} 31. Ke4 Be6 32. Kd4 b6 33. e4 a5 34. e5 fxe5+ 35. Kxe5 {[%emt 0:0:11] [#] g5
is the strong threat.} f6+ 36. Kd4 Bd7 37. g5 fxg5 38. hxg5 hxg5 39. fxg5 b5 40. Kc5 b4 41. axb4 axb4 42. Bc4 Be6 43. Kxb4 Bxc4 44. Kxc4 Ke6 45. g6 Kf6 46. Kd4 Kxg6 47. Ke4 {[%emt 0:0:6] Weighted Error Value: White=0.06
(flawless) /Black=0.05 (flawless)} 1/2-1/2

[Event "10th Norway Chess 2022"]
[White "Giri,Anish"]
[Black "Radjabov,Teimour"]
[Site "Stavanger"]
[Round "5.1"]
[Annotator "TA"]
[Result "1-0"]
[Date "2022.06.05"]
[WhiteElo "2761"]
[BlackElo "2753"]
[PlyCount "79"]
[TimeControl "60"]

1. e4 e5 2. Nf3 Nc6 3. Bb5 Nf6 4. d3 Bc5 5. c3 d6 6. d4 exd4 7. cxd4 Bb4+ 8. Bd2 Bxd2+ 9. Nbxd2 Bd7 10. O-O O-O 11. Re1 {[%emt 0:2:21]
 C54: Giuoco Piano: 4 c3 Nf6, main lines with 5 d4 and 5 d3.} Re8 12. h3 Ne7 {[%emt 0:18:37] [#]} 13. Bf1 $146 {[%emt 0:3:12] White is slightly better.} ({Predecessor:} 13. Bc4 d5 14. exd5 Rb8 15. Qb3 b5 16. Bf1 Nfxd5 17. Rac1 a5 18. Rc5 a4 19. Qc2 {½-½ (32) Tiglon,
B (2388)-Lee,M (2151) Kirkland 2020} )c6 14. Qb3 Qb6 15. Qa3 Qc7 16. Nc4 Nc8 17. e5 dxe5 18. dxe5 (18. Rxe5 Be6 $11 )Nd5 19. Rac1 h6 20. b4 Qd8 21. Qb2 Rb8 22. a3 a6 23. Rcd1 Qc7 24. Qd4 Bf5 25. Nh4 Bh7 26. Bd3 b5 27. Bxh7+ Kxh7 {[%emt 0:0:2] [#]} 28. Na5 Nce7 29. Rc1 Rbd8 30. Qe4+ Kh8 31. Nf3 {[%emt 0:3:47] White is much more active.} Qd7 32. Rc2 Ng6 (32... Nb6 $16 33. e6 (33. Nxc6 Nxc6 34. Rxc6 Re6 $16 )Qxe6 )33. Nxc6 $18 Rc8 {[%emt 0:0:3] [#] Threatens to win with ...f5.} 34. Rec1 Ngf4 $2 {[%emt 0:0:14] Loses the
game.} (34... Nb6 $16 {was necessary.} )35. Ncd4 {[%emt 0:2:45] Strongly
threatening Rc5.} Rxc2 36. Rxc2 f6 $2 (36... Ne6 37. Nf5 Ne7 )37. Rc5 fxe5 38. Nxe5 Nc3 (38... Qd8 $142 39. Ndc6 Qf6 )39. Rxc3 ({Less strong is} 39. Nxd7 Nxe4 40. Rc2 Kg8 $16 )Qxd4 40. Nf7+ {[%emt 0:0:0] Weighted Error Value:
White=0.11 (very precise) /Black=0.44} ({Not} 40. Qxd4 Ne2+ 41. Kf1 Nxd4 $16 )1-0

[Event "10th Norway Chess 2022"]
[White "Anand,Viswanathan"]
[Black "Carlsen,Magnus"]
[Site "Stavanger"]
[Round "5.1"]
[Annotator "TA"]
[Result "1/2-1/2"]
[Date "2022.06.05"]
[WhiteElo "2751"]
[BlackElo "2864"]
[PlyCount "80"]
[TimeControl "60"]

1. e4 e5 2. Nf3 Nc6 3. Bc4 Nf6 4. d3 Be7 5. O-O O-O 6. Re1 d6 7. a4 Na5 {[%emt 0:2:3] 7...h6
is the recent fashion.} 8. Ba2 {[%emt 0:1:5] C55: Two Knights: 4 d3, 4 d4
exd4 5 e5 and Max Lange Attack.} c5 9. c3 Nc6 10. Na3 h6 11. Nc2 a6 12. Ne3 Be6 13. Nd5 {[%emt 0:5:19] [#]} Re8 $146 ({Predecessor:} 13... Rb8 14. Nd2 Qd7 15. Nc4 Bd8 16. Nxf6+ Bxf6 17. Nb6 Qd8 18. Nd5 Bg5 19. Bxg5 Qxg5 {½-½ (31) Achilles,E (2444)-Colin,
S (2437) ICCF email 2016} )14. Nd2 b5 15. Nf1 Bxd5 16. Bxd5 Nxd5 17. exd5 Na5 18. b4 Nb7 19. Re2 cxb4 20. cxb4 a5 21. axb5 {[%emt 0:2:48] Threatens to win
with Rea2.} axb4 22. Rb1 Qd7 ({Don't do} 22... Qa5 23. Reb2 $16 )(22... Nc5 $1 $14 )23. Reb2 $1 $16 Nc5 24. Rxb4 Qf5 (24... Reb8 $16 )25. Be3 $1 $18 Nxd3 (25... Qxd3 $142 26. Qxd3 Nxd3 )26. Ng3 Qh7 27. R4b3 Nc5 28. Bxc5 dxc5 {[%emt 0:0:4]
 [#]} 29. b6 $1 Red8 30. b7 Rab8 31. Rb6 c4 32. Rc6 ({White should try
} 32. Qg4 $18 )Qd3 $16 33. Qf1 Bf8 {[%emt 0:12:7]
 [#]} 34. Rxc4 (34. d6 $1 $16 )Qxf1+ $11 {[%emt 0:2:43]
 The position is equal.} 35. Kxf1 {[%emt 0:0:30] Strongly
threatening Rc7.} Rd7 {[%emt 0:0:1] Against Rc7} 36. Rc8 Rbxb7 37. Rxb7 Rxb7 38. Nf5 Rd7 39. g4 g6 40. Nxh6+ Kh7 {[%emt 0:0:0] Black escapes into a draw.
Weighted Error Value: White=0.09 (flawless) /Black=0.10 (very precise)} 1/2-1/2

[Event "10th Norway Chess 2022"]
[White "Vachier-Lagrave,Maxime"]
[Black "Topalov,Veselin"]
[Site "Stavanger"]
[Round "5.1"]
[Annotator "TA"]
[Result "1/2-1/2"]
[Date "2022.06.05"]
[WhiteElo "2750"]
[BlackElo "2730"]
[PlyCount "69"]
[TimeControl "60"]

1. e4 e5 2. Nf3 Nc6 3. Bc4 Bc5 4. O-O Nf6 5. d3 d6 6. c3 h6 7. Re1 O-O {[%emt 0:2:10]
 C54: Giuoco Piano: 4 c3 Nf6, main lines with 5 d4 and 5 d3.} 8. Nbd2 a6 9. a4 {[%emt 0:1:22] 9.Nf1 is
setting a new trend.} Ne7 10. d4 exd4 {[%emt 0:3:14] [#]} 11. Nb3 $146 ({
Predecessor:} 11. cxd4 Ba7 12. h3 Nc6 13. d5 Nb4 14. Nf1 c6 15. Bd2 Bc5 16. Qb3 cxd5 17. exd5 {1-0 (43) Navara,D (2735)-Pashikian,A (2612) Gjakova 2016} )Ba7 (11... dxc3 {is more complex.} 12. e5 cxb2 13. Bxb2 Nh5 )12. Nbxd4 Ng6 13. Qc2 Re8 14. h3 c5 15. Nf5 Bxf5 16. exf5 Rxe1+ 17. Nxe1 Ne5 {[%emt 0:0:11] Pair of Knights!} 18. Be2 Qe7 19. Bf4 Re8 20. Nf3 c4 21. Kf1 (21. Bg3 $5 )b5 22. axb5 axb5 23. b3 Nxf3 (23... Bc5 $5 )24. Bxf3 {[%emt 0:0:9] The
position is equal.} d5 25. bxc4 bxc4 26. g4 Bb8 27. Qc1 Qb7 28. Kg2 Bxf4 29. Qxf4 Qb2 30. Qc1 Rb8 31. Qxb2 Rxb2 32. Ra8+ Kh7 33. Rf8 Rb7 34. h4 {[%emt 0:4:17] [#] aiming for g5.} g5 $1 35. fxg6+ {[%emt 0:0:6] An interesting draw.  Weighted Error Value:
White=0.09 (flawless) /Black=0.06 (flawless)} 1/2-1/2

[Event "10th Norway Chess 2022"]
[White "Tari,Aryan"]
[Black "Wang,Hao"]
[Site "Stavanger"]
[Round "5.1"]
[Annotator "TA"]
[Result "1-0"]
[Date "2022.06.05"]
[WhiteElo "2654"]
[BlackElo "2744"]
[PlyCount "88"]
[TimeControl "60"]

1. e4 e5 2. Nf3 Nc6 3. Bc4 Nf6 4. d3 h6 5. c3 d6 6. a4 {[%emt 0:0:0] C55: Two Knights: 4 d3, 4 d4 exd4 5 e5 and Max Lange Attack.} g5 7. Qb3 Qe7 8. a5 {[%emt 0:0:57]
White has an edge.} Bg7 9. Nbd2 Nd8 10. Nf1 {[%emt 0:9:52] [#]} c6 $146 ({Predecessor:} 10... g4 11. Ng1 c6 12. Ne3 h5 13. Ne2 Bh6 14. O-O Be6 15. f4 gxf3 16. Rxf3 d5 17. exd5 cxd5 {1-0 (39) Santos Ruiz,M (2581)-Niemann,H (2478) Sitges 2020} )11. Ne3 Ng4 12. Nf1 f5 13. h4 f4 14. Qd1 Be6 15. hxg5 hxg5 16. Rxh8+ Bxh8 17. Bxe6 Nxe6 18. Nh4 gxh4 19. Qxg4 O-O-O 20. Bd2 (20. b4 $11 )Kb8 21. b4 $1 d5 22. Nh2 dxe4 23. dxe4 Qh7 24. O-O-O $11 Re8 25. Re1 (25. Qe2 $15 )c5 $17 {[%emt 0:0:50] White must now
prevent ...Qd7.} 26. Nf3 Qd7 {[%emt 0:2:21] Strongly threatening ...cxb4.} 27. Kb2 a6 (27... Qd3 $142 $1 {aiming for ...cxb4.} 28. Qg6 Nc7 )28. Rc1 ({Don't go for} 28. Qxh4 $2 Qd3 29. Qh6 cxb4 30. cxb4 Nd4 31. Nxd4 Qxd2+ 32. Nc2 Rc8 $19 )Rd8 (28... Bf6 $17 )29. Be1 $1 $11 Qd6 30. Nxh4 cxb4 31. cxb4 Nd4 ({Better is} 31... Bf6 $11 )32. Nf5 $14 Qe6 33. Qd1 {[%emt 0:0:13]
 Prevents Qb3+.} (33. Qh3 $14 )Qg8 $11 34. Nxd4 exd4 35. Qd3 Qxg2 36. Rc2 f3 37. Bd2 {[%emt 0:0:0] Hoping for Bf4+.} Be5 {[%emt 0:0:16] Against Bf4} 38. b5 axb5 (38... Qxf2 $2 39. Bf4 $1 {} Qxc2+ 40. Kxc2 $18 )39. Qxb5 Qg7 {[%emt 0:0:4] Threatens to win with .
..d3+.} 40. Rc5 d3+ $2 (40... Bd6 $14 )41. Rxe5 $18 Rc8 42. Kb3 {[%emt 0:2:18]
White wants to mate with a6.} Qc7 {[%emt 0:1:23] [#]} 43. a6 $1 Qc2+ 44. Ka3 Rc7 {[%emt 0:0:8]
 White used his chance.  Weighted Error Value: White=0.15 (very
precise) /Black=0.34} 1-0